 Dungeon Crawl Stone Soup version 0.31.0-9-g3a7656b989 (webtiles) character file.

Game seed: 5908726872724472728

118 qw the Skirmisher (level 4, 0/25 HPs)
             Began as a Deep Elf Hunter on Feb 2, 2024.
             Incinerated by a bombardier beetle (2 damage)
             ... with a burning spray
             ... on level 3 of the Dungeon.
             The game lasted 00:00:06 (1365 turns).

qw the Skirmisher (Deep Elf Hunter)                 Turns: 1365, Time: 00:00:07

Health: 0/25       AC: 10    Str: 14    XL:     4   Next: 72%
Magic:  6/6        EV: 11    Int: 14    God:
Gold:   88         SH:  0    Dex: 21    Spells: 3/3 levels left

rFire   + . .        a - +1 shortbow
rCold   + . .        (shield currently unavailable)
rNeg    + + .        d - +0 ring mail
rPois   .            (no helmet)
rElec   .            e - scarf of the Vacuum {rC+ rF+, Rampage rN++ Str+4 Dex+3}
rCorr   .            c - +2 pair of gloves {infuse}
SInv    +            h - +1 pair of boots
Will    .....        i - amulet of regeneration
Stlth   +            g - ring of see invisible
HPRegen 1.04/turn    (no ring)
MPRegen 0.10/turn

%: rampage, infuse magic (1 MP)
@: on fire, glowing
A: no striking features
a: no special abilities


You were on level 3 of the Dungeon.
You visited 1 branch of the dungeon, and saw 3 of its levels.

You collected 88 gold pieces.


   Skills:
 - Level 1.5 Fighting
 - Level 8.1 Ranged Weapons
 + Level 2.4 Dodging
 - Level 1.2 Stealth


You had 3 spell levels left.
You didn't know any spells.
Your spell library was empty.

Inventory:

Hand Weapons
 a - a +1 shortbow (weapon)
Armour
 c - a +2 pair of gloves of infusion (worn)
 d - a +0 ring mail (worn)
 e - the scarf of the Vacuum (worn) {rC+ rF+, Rampage rN++ Str+4 Dex+3}
   (You acquired it on level 1 of the Dungeon)

   Str+4:     It affects your strength (+4).
   Dex+3:     It affects your dexterity (+3).
   rN++:      It greatly protects you from negative energy.
   Rampage:   It bestows one free step when moving towards enemies.
 h - a +1 pair of boots (worn)
Jewellery
 g - a ring of see invisible (left hand)
 i - an amulet of regeneration (around neck)
Wands
 m - a wand of paralysis (6)
Scrolls
 k - a scroll of identify
 l - a scroll of blinking {unknown}
Potions
 b - a potion of curing {unknown}
 f - 3 potions of heal wounds
 j - a potion of berserk rage {unknown}
 n - a potion of cancellation {unknown}
 o - a potion of haste {unknown}
 p - a potion of attraction {unknown}

Dungeon Overview and Level Annotations

Branches:
Dungeon (3/15)

Altars:
Uskayaw

Shops:
D:1 *(


Message History

The liquid fire burns you!
You are on fire!
The liquid fire burns you!
You are on fire!
The liquid fire burns you!
You are on fire!
The liquid fire burns you!
You are on fire!
The liquid fire burns you!
You are on fire!
The liquid fire burns you!
You are on fire!
The liquid fire burns you!
You are on fire!
The liquid fire burns you!
You are on fire!
The liquid fire burns you!
You are on fire!
The liquid fire burns you!
You are on fire!
The liquid fire burns you!
You are on fire!
The liquid fire burns you!
You are on fire!
The liquid fire burns you!
You are on fire!
The liquid fire burns you!
You are on fire!
The liquid fire burns you!
You are on fire!
The liquid fire burns you!
You are on fire!
The liquid fire burns you!
You are on fire!
The liquid fire burns you!
You are on fire!
The liquid fire burns you!
You are on fire!
The liquid fire burns you!
You die...

#..............# #...
................. #.#.
##................
.....##.............#...
#.#..#.....#........#...
#..#.....#.#........#...
##.......#.#........#.#.
....#....#.###...##.#.#.
.....!.@.......#.##.#...
#...........####.##....#
..##...##..## #.......#
##..[....## ####....#
...[......#####>..#..
...........#.......###
#.............###......
..............##.......
......:..............


There were no monsters in sight!

Vanquished Creatures
  A bombardier beetle (D:3)
  4 adders (D:2)
  2 dart slugs (D:1)
  3 endoplasms
  2 giant cockroaches
  3 goblins
  3 hobgoblins
  4 kobolds
  4 quokkas
  5 ball pythons
  9 bats
  2 frilled lizards (D:2)
  4 rats
46 creatures vanquished.

Notes
Turn   | Place    | Note
-------+----------+-------------------------------------------
     0 | D:1      | qw the Deep Elf Hunter began the quest for the Orb.
     0 | D:1      | Reached XP level 1. HP: 12/12 MP: 3/3
     0 | D:1      | 0 ||| qw: Version: 0.3-a-155-g5e7d8dd
     0 | D:1      | 0 ||| qw: Game counter: 1627
     0 | D:1      | 0 ||| qw: Melee chars always use a shield: true
     0 | D:1      | 0 ||| qw: God list: Okawaru
     0 | D:1      | 0 ||| qw: Allow faded altars: false
     0 | D:1      | 0 ||| qw: Do Orc after clearing Dungeon:15 true
     0 | D:1      | 0 ||| qw: Do second Lair branch before Depths: true
     0 | D:1      | 0 ||| qw: Lair rune preference: random
     0 | D:1      | 0 ||| qw: Goals: Normal
     0 | D:1      | 0 ||| PLANNING D:1-11
   115 | D:1      | Reached XP level 2. HP: 16/16 MP: 4/4
   151 | D:1      | Reached skill level 6 in Ranged Weapons
   379 | D:1      | Found Acuikke's General Store.
   386 | D:1      | 386 ||| SHOPLISTING ring of see invisible (150 gold, have
                  | 23).
   498 | D:1      | Found Avaiph's Weapon Boutique.
   506 | D:1      | 506 ||| SHOPLISTING +2 arbalest (214 gold, have 23).
   753 | D:1      | 753 ||| UPGRADING to +0 ring mail.
   763 | D:1      | 763 ||| DROPPING +0 leather armour.
   764 | D:1      | 764 ||| UPGRADING to +0 pair of boots.
   769 | D:1      | 769 ||| UPGRADING to ring of see invisible.
   770 | D:1      | 770 ||| READING 2 scrolls labelled MIONGIL BABBAPAL.
   770 | D:1      | 770 ||| IDENTIFYING 2 fuming red potions
   771 | D:1      | 771 ||| READING scroll of identify.
   771 | D:1      | 771 ||| IDENTIFYING scroll labelled IPLEAT ZAMEDE
   772 | D:1      | 772 ||| READING 3 scrolls labelled FYITOD NUXAUNU.
   772 | D:1      | Identified 3 scrolls of acquirement
   772 | D:1      | 772 ||| ACQUIRING amulet of regeneration
   772 | D:1      | Acquired an amulet of regeneration
   773 | D:1      | 773 ||| READING 2 scrolls of acquirement.
   773 | D:1      | 773 ||| ACQUIRING scarf of the Vacuum {rC+ rF+, Rampage
                  | rN++ Str+4 Dex+3}
   773 | D:1      | Acquired the scarf of the Vacuum {rC+ rF+, Rampage rN++
                  | Str+4 Dex+3}
   774 | D:1      | 774 ||| READING scroll of acquirement.
   774 | D:1      | 774 ||| ACQUIRING +2 pair of gloves of infusion
   774 | D:1      | Acquired a +2 pair of gloves of infusion
   776 | D:1      | 776 ||| UPGRADING to +2 pair of gloves of infusion.
   781 | D:1      | 781 ||| UPGRADING to scarf of the Vacuum {rC+ rF+, Rampage
                  | rN++ Str+4 Dex+3}.
   786 | D:1      | 786 ||| UPGRADING to amulet of regeneration.
   791 | D:1      | 791 ||| DROPPING scroll of butterflies.
   792 | D:1      | 792 ||| DROPPING scroll of amnesia.
   827 | D:2      | Reached XP level 3. HP: 13/20 MP: 5/5
   910 | D:2      | Reached skill level 7 in Ranged Weapons
   977 | D:2      | Found a faded altar of an unknown god.
  1100 | D:2      | Reached XP level 4. HP: 25/25 MP: 6/6
  1163 | D:2      | 1163 ||| READING scroll labelled SUEPPUXZONN.
  1163 | D:2      | 1163 ||| ENCHANTING +0 pair of boots.
  1164 | D:2      | 1164 ||| READING scroll labelled FYXER XIHOO.
  1164 | D:2      | 1164 ||| ENCHANTING +0 shortbow.
  1274 | D:3      | Found a hide-covered altar of Uskayaw.
  1342 | D:3      | Reached skill level 8 in Ranged Weapons
  1358 | D:3      | HP: 6/25 [burnt (2)]
  1362 | D:3      | HP: 2/25 [burnt (2)]
  1365 | D:3      | Incinerated by a bombardier beetle

Levels and vault maps discovered:
D:1:      dpeg_arrival_lava_temple_mockup, layout_loops_ring, serial_shops,
          shop, nicolae_shop_hallway_stairs
D:2:      layout_rooms, ebering_ecumenical_altar_abandoned, grunt_ministairs_11
D:3:      layout_rooms, eat_drink_and_be_merry_uskayaw, serial_bayou_lake_a

Skill      XL: |  1  2  3  4 |
---------------+-------------+-----
Ranged Weapons | 6 7 8 |  8.1
Fighting       | |  1.5
Dodging        | |  2.4
Stealth        | |  1.2

Action                     |  1- 3 |  4- 6 || total
---------------------------+-------+-------++-------
   Fire: Shortbow          |    94 |    21 ||   115
    Use: Scroll            |     5 |     2 ||     7
 Armour: Leather armour    |    13 |       ||    13
         Ring mail         |     5 |       ||     5
  Dodge: Dodged            |    25 |     2 ||    27

Table legend:
 A = Non-vault XP
 B = Vault XP
 C = Vault XP percentage of total XP
 D = Non-vault monster count
 E = Vault monster count
 F = Vault count percentage of total count
                 A         B        C        D         E       F
            +---------+---------+-------+---------+---------+-------
      Total |     155 |      14 |   8.3 |      44 |       2 |   4.3
            +---------+---------+-------+---------+---------+-------
        D:1 |      37 |       0 |   0.0 |      21 |       0 |   0.0
        D:2 |      61 |      14 |  18.7 |      16 |       2 |  11.1
        D:3 |      57 |       0 |   0.0 |       7 |       0 |   0.0
            +---------+---------+-------+---------+---------+-------
